Map: Oxide LE

Players

Bunny

  • Race: Terran Terran
  • Spawn Location: 1:00

TIME (Oliveira) - Winner!

  • Race: Terran Terran
  • Spawn Location: 7:00

Event: IEM Katowice 2021

VOD

Have the link to the VOD?

Description

Time

  • Played on: Feb. 23, 2021, 9:34 a.m.
  • Length: 7:47

All games in this series

Show
View Real Time Build Order
Export as new Build Order

Bunny Terran 

Build Orders: Reaper Expand 

Get SALT Encoding   

  12  0:00  SCV  
  13  0:12  SCV  
  14  0:17  Supply Depot  
  14  0:24  SCV  
  15  0:39  SCV  
  15  0:40  Barracks  
  15  0:42  Refinery  
  16  0:51  SCV  
  17  1:03  SCV  
  18  1:16  SCV  
  19  1:27  Reaper  
  19  1:28  Orbital Command  
  20  1:42  Command Center  
  20  1:53  SCV  
  21  1:58  Supply Depot  
  21  1:59  Marine  
  22  2:05  SCV  
  23  2:09  Factory  
  23  2:13  Refinery  
  23  2:19  SCV  
  23  2:20  Barracks Reactor  
  24  2:24  Bunker  
  24  2:31  SCV  
  25  2:44  SCV  
  26  2:52  Hellion  
  26  2:53  Starport  
  26  2:54  Orbital Command  
  26  2:56  SCV  
  29  3:00  Marine  
  29  3:03  Marine  
  31  3:08  SCV  
  32  3:13  Factory Tech Lab  
  32  3:17  Marine  
  33  3:20  SCV x2, Marine  
  36  3:28  Refinery  
  36  3:31  Starport Tech Lab  
  36  3:32  SCV x2  
  36  3:33  Cyclone  
  41  3:38  Supply Depot  
  41  3:42  Marine x2  
  41  3:44  SCV  
  41  3:45  SCV  
  45  3:56  Raven  
  45  3:59  Marine  
  45  4:00  SCV x2, Supply Depot, Marine  
  50  4:17  Marine  
  50  4:21  Marine  
  50  4:22  Siege Tank  
  50  4:23  SCV x2  
  57  4:27  Supply Depot  
  57  4:29  Supply Depot  
  55  4:35  SCV x2  
  57  4:49  Command Center  
  57  4:50  Supply Depot  
  57  4:51  SCV x2  
  59  4:54  Siege Tank  
  59  4:56  Barracks Reactor  
  59  4:57  Refinery  
  59  4:59  Raven  
  64  5:06  SCV x2  
  64  5:07  Supply Depot  
  66  5:18  SCV x2  
  68  5:26  Siege Tank  
  71  5:30  SCV x2  
  71  5:31  Barracks  
  71  5:32  Marine  
  71  5:33  Marine  
  75  5:36  Barracks  
  73  5:43  SCV  
  73  5:44  SCV  
  74  5:55  SCV  
  74  5:56  SCV, Command Center  
  76  5:58  Supply Depot, Siege Tank  
  76  6:03  Viking x2  
  76  6:04  Marine  
  83  6:05  Command Center  
  83  6:06  Supply Depot  
  84  6:12  SCV x2  
  86  6:22  Barracks Reactor  
  86  6:23  Barracks Reactor  
  86  6:29  Marine  
  86  6:30  Siege Tank, Engineering Bay  
  86  6:31  Engineering Bay  
  92  6:33  Viking x2  
  94  6:44  Supply Depot  
  94  6:45  SCV x2  
  96  6:47  Marine  
  92  7:02  Siege Tank  
  92  7:03  Marine, Viking x2  
  92  7:04  Marine x2  
  92  7:06  Marine  
  103  7:12  Supply Depot  
  103  7:13  Supply Depot  
  103  7:17  SCV  
  103  7:21  Marine  
  98  7:23  Marine  
  98  7:26  Missile Turret  
Show
View Real Time Build Order
Export as new Build Order

TIME Terran - Winner!

Build Orders:  

Get SALT Encoding   

  12  0:00  SCV  
  13  0:12  SCV  
  14  0:17  Supply Depot  
  14  0:24  SCV  
  15  0:39  SCV  
  15  0:42  Barracks  
  16  0:45  Refinery  
  16  0:51  SCV  
  16  0:55  Refinery  
  17  1:03  SCV  
  18  1:15  SCV  
  19  1:29  Reaper, Orbital Command  
  19  1:31  Supply Depot  
  20  1:42  Factory  
  20  1:54  SCV  
  20  2:01  Reaper  
  22  2:07  SCV  
  23  2:17  Command Center  
  23  2:20  SCV  
  24  2:26  Hellion  
  26  2:32  SCV  
  26  2:33  Barracks Reactor  
  27  2:40  Starport  
  27  2:44  SCV  
  28  2:47  Supply Depot  
  28  2:49  Factory Tech Lab  
  28  2:56  SCV  
  29  3:08  SCV  
  29  3:09  Siege Tank  
  29  3:10  Marine x2  
  35  3:17  Refinery  
  35  3:20  Medivac  
  35  3:21  SCV  
  38  3:28  Marine x2  
  38  3:34  Orbital Command  
  40  3:36  SCV  
  41  3:44  Siege Tank  
  41  3:48  SCV  
  45  3:49  Marine x2  
  45  3:53  Starport Tech Lab  
  46  4:00  SCV  
  46  4:01  SCV  
  46  4:02  Supply Depot  
  48  4:10  Marine  
  48  4:12  SCV  
  48  4:13  SCV  
  51  4:26  Raven  
  51  4:27  Siege Tank  
  51  4:28  Barracks, Marine  
  51  4:30  SCV  
  58  4:31  SCV  
  59  4:41  Marine  
  59  4:42  SCV  
  59  4:43  SCV  
  62  4:47  Supply Depot  
  62  5:04  Command Center  
  62  5:08  SCV x2, Marine  
  62  5:09  Supply Depot  
  62  5:12  Siege Tank  
  68  5:19  Starport Reactor  
  68  5:21  SCV x2, Stimpack  
  70  5:30  Marine x3  
  70  5:31  Supply Depot  
  70  5:32  Supply Depot  
  70  5:33  SCV  
  70  5:34  SCV  
  74  5:47  SCV  
  74  5:48  Marine x3  
  77  5:52  SCV  
  77  5:53  Siege Tank  
  77  5:56  Medivac x2  
  85  6:00  SCV  
  86  6:05  SCV  
  86  6:06  Marine x3  
  90  6:12  SCV  
  90  6:14  Barracks  
  90  6:15  Engineering Bay  
  90  6:16  Refinery  
  90  6:17  SCV, Engineering Bay  
  92  6:18  Orbital Command  
  92  6:24  Marine x2  
  94  6:31  Marine  
  95  6:34  SCV x2  
  95  6:36  Medivac x2  
  95  6:37  Siege Tank  
  104  6:46  SCV x2  
  106  6:53  Marine  
  102  6:54  Marine  
  102  6:56  SCV  
  102  7:00  Orbital Command  
  102  7:01  SCV  
  105  7:05  SCV  
  103  7:18  Marine x2  
  109  7:32  Barracks  
  109  7:34  Barracks, Supply Depot x2  

Tags
 
Add a new tag
Caveats
  • Supply blocks, unpowered buildings, or Contaminate may cause inaccurate times.
  • Supply counts are checked every 10 seconds.